PL
PANAMA CITY PIRANHAS @ DETROIT RENAISSANCE
09/04/2027
 
TOP OF THE 1ST
Panama City Piranhas batting - Pitching for Detroit Renaissance : LHP Todd Hines
Pitching: LHP Todd Hines
Batting: RHB Baldomero Avino 0-0: Ball
1-0: Called Strike
1-1: Swinging Strike
1-2: Foul Ball, location: 2F
1-2: Foul Ball, location: 2F
1-2: Ball
2-2: Foul Ball, location: 2F
2-2: Foul Ball, location: 2F
2-2: Strikes out swinging
Batting: RHB Juan Jose Ayala 0-0: Ball
1-0: Ball
2-0: Ground out 5-3 (Groundball, 56)
Batting: RHB Tim Barnes 0-0: Ball
1-0: Ball
2-0: Called Strike
2-1: Ball
3-1: Base on Balls
Batting: LHB Herman Hayes 0-0: Called Strike
0-1: Swinging Strike
0-2: Ball
1-2: Strikes out swinging
Top of the 1st over - 0 run(s), 0 hit(s), 0 error(s), 1 left on base; Panama City 0 - Detroit 0
BOTTOM OF THE 1ST
Detroit Renaissance batting - Pitching for Panama City Piranhas : RHP Luis Flores
Pitching: RHP Luis Flores
Batting: RHB Kyle Bywaters 0-0: Ball
1-0: Called Strike
1-1: Swinging Strike
1-2: Fly out, F8 (Flyball, 8RM)
Batting: LHB Eric Thackston 0-0: Called Strike
0-1: Ball
1-1: Ground out 3-1 (Groundball, 34)
Batting: LHB Ray Sears 0-0: Ball
1-0: Foul Ball, location: 2F
1-1: Foul Ball, location: 2F
1-2: Ball
2-2: Strikes out swinging
Bottom of the 1st over - 0 run(s), 0 hit(s), 0 error(s), 0 left on base; Panama City 0 - Detroit 0
TOP OF THE 2ND
Panama City Piranhas batting - Pitching for Detroit Renaissance : LHP Todd Hines
Batting: RHB Fernando Silva 0-0: Called Strike
0-1: Ball
1-1: Ground out 6-3 (Groundball, 56)
Batting: LHB Robert Adams 0-0: Ball
1-0: Ball
2-0: Fly out, F9 (Flyball, 9LS)
Batting: LHB Sergio Muńóz 0-0: Called Strike
0-1: Foul Ball, location: 2F
0-2: Strikes out swinging
Top of the 2nd over - 0 run(s), 0 hit(s), 0 error(s), 0 left on base; Panama City 0 - Detroit 0
BOTTOM OF THE 2ND
Detroit Renaissance batting - Pitching for Panama City Piranhas : RHP Luis Flores
Batting: LHB Juan González 0-0: SINGLE (Flyball, 8LS)
Batting: LHB Gustavo Cortéz 0-0: Called Strike
0-1: Swinging Strike
0-2: Ball
1-2: Ball
2-2: 2-RUN HOME RUN (Flyball, 8RXD), Distance : 426 ft
Batting: LHB Yoichibei Sato 0-0: Ball
1-0: Fly out, F7 (Flyball, 78S)
Batting: RHB Ed Whitaker 0-0: Swinging Strike
0-1: Foul Ball, location: 2F
0-2: SINGLE (Line Drive, 7LS)
Batting: LHB Greg Robinson 0-0: Called Strike
0-1: Fly out, F9 (Flyball, 89M)
Batting: SHB Valentín Guzmán 0-0: Ground out 4-3 (Groundball, 34D)
Bottom of the 2nd over - 2 run(s), 3 hit(s), 0 error(s), 1 left on base; Panama City 0 - Detroit 2
TOP OF THE 3RD
Panama City Piranhas batting - Pitching for Detroit Renaissance : LHP Todd Hines
Batting: RHB Armando Alvarado 0-0: Swinging Strike
0-1: Ball
1-1: Swinging Strike
1-2: Strikes out swinging
Batting: LHB Steve Cunningham 0-0: Swinging Strike
0-1: Ground out 4-3 (Groundball, 34)
Batting: RHB Baldomero Avino 0-0: Swinging Strike
0-1: Swinging Strike
0-2: Fly out, F4 (Line Drive, 6M)
Top of the 3rd over - 0 run(s), 0 hit(s), 0 error(s), 0 left on base; Panama City 0 - Detroit 2
BOTTOM OF THE 3RD
Detroit Renaissance batting - Pitching for Panama City Piranhas : RHP Luis Flores
Batting: RHB Kyle Bywaters 0-0: Ground out 3-1 (Groundball, 34S)
Batting: LHB Eric Thackston 0-0: Ball
1-0: Ball
2-0: Called Strike
2-1: Foul Ball, location: 2F
2-2: Foul Ball, location: 2F
2-2: Ball
3-2: Ground out 4-3 (Groundball, 34D)
Batting: LHB Ray Sears 0-0: Called Strike
0-1: Called Strike
0-2: Ball
1-2: Ball
2-2: Ball
3-2: Fly out, F8 (Flyball, 8RM)
Bottom of the 3rd over - 0 run(s), 0 hit(s), 0 error(s), 0 left on base; Panama City 0 - Detroit 2
TOP OF THE 4TH
Panama City Piranhas batting - Pitching for Detroit Renaissance : LHP Todd Hines
Batting: RHB Juan Jose Ayala 0-0: Fly out, F8 (Flyball, 8RM)
Batting: RHB Tim Barnes 0-0: Foul Ball, location: 2F
0-1: Ball
1-1: Ball
2-1: Ground out 5-3 (Groundball, 56)
Batting: LHB Herman Hayes 0-0: Foul Ball, location: 2F
0-1: Foul Ball, location: 2F
0-2: Foul Ball, location: 2F
0-2: Ground out 1-3 (Groundball, 13S)
Top of the 4th over - 0 run(s), 0 hit(s), 0 error(s), 0 left on base; Panama City 0 - Detroit 2
BOTTOM OF THE 4TH
Detroit Renaissance batting - Pitching for Panama City Piranhas : RHP Luis Flores
Batting: LHB Juan González 0-0: Fly out, F9 (Flyball, 9D)
Batting: LHB Gustavo Cortéz 0-0: Ball
1-0: Ball
2-0: Called Strike
2-1: Ground out 4-3 (Groundball, 4D)
Batting: LHB Yoichibei Sato 0-0: Ball
1-0: Swinging Strike
1-1: Foul Ball, location: 2F
1-2: Ball
2-2: Ball
3-2: SINGLE (Line Drive, 89S)
Batting: RHB Ed Whitaker 0-0: Ball
1-0: Fielders Choice at 2nd, 4-6 (Groundball, 4)
Bottom of the 4th over - 0 run(s), 1 hit(s), 0 error(s), 0 left on base; Panama City 0 - Detroit 2
TOP OF THE 5TH
Panama City Piranhas batting - Pitching for Detroit Renaissance : LHP Todd Hines
Batting: RHB Fernando Silva 0-0: Ball
1-0: Foul Ball, location: 2F
1-1: Ball
2-1: Ball
3-1: Base on Balls
Batting: LHB Robert Adams 0-0: Called Strike
0-1: Ball
1-1: Swinging Strike
1-2: Ball
2-2: Strikes out looking
Batting: LHB Sergio Muńóz 0-0: Called Strike
0-1: Swinging Strike
0-2: Ball
1-2: Foul Ball, location: 2F
1-2: Foul Ball, location: 2F
1-2: Ball
2-2: Strikes out swinging
Batting: RHB Armando Alvarado 0-0: Ball
1-0: Swinging Strike
1-1: Fly out, F8 (Flyball, 8RS)
Top of the 5th over - 0 run(s), 0 hit(s), 0 error(s), 1 left on base; Panama City 0 - Detroit 2
BOTTOM OF THE 5TH
Detroit Renaissance batting - Pitching for Panama City Piranhas : RHP Luis Flores
Batting: LHB Greg Robinson 0-0: Ball
1-0: Ground out U3 (Groundball, 3S)
Batting: SHB Valentín Guzmán 0-0: Called Strike
0-1: Swinging Strike
0-2: Foul Ball, location: 2F
0-2: Strikes out swinging
Batting: RHB Kyle Bywaters 0-0: Ground out 6-3 (Groundball, 6)
Bottom of the 5th over - 0 run(s), 0 hit(s), 0 error(s), 0 left on base; Panama City 0 - Detroit 2
TOP OF THE 6TH
Panama City Piranhas batting - Pitching for Detroit Renaissance : LHP Todd Hines
Batting: LHB Steve Cunningham 0-0: Called Strike
0-1: Ground out 3-1 (Groundball, 34)
Batting: RHB Baldomero Avino 0-0: Called Strike
0-1: Ball
1-1: SINGLE (Line Drive, 78S)
Batting: RHB Juan Jose Ayala 0-0: Ball
1-0: Swinging Strike
1-1: Ball
2-1: SINGLE (Groundball, 6MD)
Baldomero Avino to second
Batting: RHB Tim Barnes 0-0: Called Strike
0-1: Swinging Strike
0-2: Ball
1-2: Ball
2-2: Fielders Choice at 2nd, 5-4 (Groundball, 56)
Baldomero Avino to third
Batting: LHB Herman Hayes 0-0: Ball
1-0: Foul Ball, location: 2F
1-1: Ball
2-1: Ball
3-1: Swinging Strike
3-2: Foul Ball, location: 2F
3-2: Foul Ball, location: 2F
3-2: Strikes out swinging
Top of the 6th over - 0 run(s), 2 hit(s), 0 error(s), 2 left on base; Panama City 0 - Detroit 2
BOTTOM OF THE 6TH
Detroit Renaissance batting - Pitching for Panama City Piranhas : RHP Luis Flores
Batting: LHB Eric Thackston 0-0: Called Strike
0-1: Foul Ball, location: 2F
0-2: Strikes out swinging
Batting: LHB Ray Sears 0-0: Swinging Strike
0-1: Ball
1-1: Ball
2-1: Called Strike
2-2: Ball
3-2: Strikes out looking
Batting: LHB Juan González 0-0: Fly out, F9 (Flyball, 9)
Bottom of the 6th over - 0 run(s), 0 hit(s), 0 error(s), 0 left on base; Panama City 0 - Detroit 2
TOP OF THE 7TH
Panama City Piranhas batting - Pitching for Detroit Renaissance : LHP Todd Hines
Batting: RHB Fernando Silva 0-0: Foul Ball, location: 2F
0-1: Swinging Strike
0-2: SINGLE (Groundball, 34D)
Batting: LHB Robert Adams 0-0: Ball
1-0: Called Strike
1-1: Foul Ball, location: 2F
1-2: Strikes out swinging
Batting: LHB Sergio Muńóz 0-0: Called Strike
0-1: Ball
1-1: Foul Ball, location: 2F
1-2: Strikes out looking
Batting: RHB Armando Alvarado 0-0: Ball
1-0: Foul Ball, location: 2F
1-1: Foul Ball, location: 2F
1-2: Strikes out swinging
Top of the 7th over - 0 run(s), 1 hit(s), 0 error(s), 1 left on base; Panama City 0 - Detroit 2
BOTTOM OF THE 7TH
Detroit Renaissance batting - Pitching for Panama City Piranhas : RHP Luis Flores
Batting: LHB Gustavo Cortéz 0-0: Called Strike
0-1: Swinging Strike
0-2: Ball
1-2: Ball
2-2: Fly out, F7 (Flyball, 7LM)
Batting: LHB Yoichibei Sato 0-0: Ball
1-0: Called Strike
1-1: Foul Ball, location: 2F
1-2: Strikes out swinging
Batting: RHB Ed Whitaker 0-0: Called Strike
0-1: Ball
1-1: Foul Ball, location: 2F
1-2: Ball
2-2: Strikes out swinging
Bottom of the 7th over - 0 run(s), 0 hit(s), 0 error(s), 0 left on base; Panama City 0 - Detroit 2
TOP OF THE 8TH
Panama City Piranhas batting - Pitching for Detroit Renaissance : LHP Todd Hines
Batting: LHB Steve Cunningham 0-0: Ground out 4-3 (Groundball, 4)
Batting: RHB Baldomero Avino 0-0: Ball
1-0: Foul Ball, location: 2F
1-1: Ball
2-1: Swinging Strike
2-2: Strikes out swinging
Batting: RHB Juan Jose Ayala 0-0: Called Strike
0-1: Foul Ball, location: 2F
0-2: Ball
1-2: Fly out, F9 (Line Drive, 89M)
Top of the 8th over - 0 run(s), 0 hit(s), 0 error(s), 0 left on base; Panama City 0 - Detroit 2
BOTTOM OF THE 8TH
Detroit Renaissance batting - Pitching for Panama City Piranhas : RHP Luis Flores
Batting: LHB Greg Robinson 0-0: Ground out 4-3 (Groundball, 4)
Batting: SHB Valentín Guzmán 0-0: Called Strike
0-1: Ball
1-1: Foul Ball, location: 2F
1-2: Hit by Pitch
Batting: RHB Kyle Bywaters 0-0: Called Strike
0-1: Ball
1-1: Ball
2-1: Foul Ball, location: 2F
2-2: Foul Ball, location: 2F
2-2: Fielders Choice at 2nd, 5-4 (Groundball, 5)
Batting: LHB Eric Thackston 0-0: Ball
1-0: Called Strike
1-1: Fly out, F6 (Popup, 6S)
Bottom of the 8th over - 0 run(s), 0 hit(s), 0 error(s), 1 left on base; Panama City 0 - Detroit 2
TOP OF THE 9TH
Panama City Piranhas batting - Pitching for Detroit Renaissance : LHP Todd Hines
Now at 1B: Brent Ryan
Batting: RHB Tim Barnes 0-0: Called Strike
0-1: Foul Ball, location: 2F
0-2: Ball
1-2: Ball
2-2: Strikes out swinging
Batting: LHB Herman Hayes 0-0: Called Strike
0-1: Ball
1-1: Called Strike
1-2: Strikes out looking
Batting: RHB Fernando Silva 0-0: Swinging Strike
0-1: Ball
1-1: Called Strike
1-2: Ground out 5-3 (Groundball, 56S)
Top of the 9th over - 0 run(s), 0 hit(s), 0 error(s), 0 left on base; Panama City 0 - Detroit 2
Saturday, May 26th, 2018 - OOTP Baseball 17.12 Build 75